 Dungeon Crawl Stone Soup version 0.28.0-1-gb440e238dd (webtiles) character file.

Game seed: 16685382924337209981

6 hikkokomori the Digger (level 1, -7/10 HPs)
             Began as a Gargoyle Earth Elementalist on Feb 26, 2022.
             Mangled by a worm (10 damage)
             ... on level 2 of the Dungeon.
             The game lasted 00:01:12 (90 turns).

hikkokomori the Digger (Gargoyle Earth Elementalist)  Turns: 90, Time: 00:01:12

Health: -7/10      AC:  4    Str: 11    XL:     1   Next: 90%
Magic:  1/3        EV: 11    Int: 15    God:
Gold:   8          SH:  0    Dex: 10    Spells: 3/4 levels left

rFire   . . .      SeeInvis .   (no weapon)
rCold   . . .      Faith    .   (no shield)
rNeg    + . .      Spirit   .   b - +0 robe
rPois   ∞          Reflect  .   (no helmet)
rElec   +          Harm     .   (no cloak)
rCorr   .          Rampage  .   (no gloves)
Will    .....                   (no boots)
Stlth   ++........              (no amulet)
HPRegen 0.03/turn               (no ring)
MPRegen 0.08/turn               (no ring)

@: attractive
A: sickness immunity, AC +2, negative energy resistance 1, electricity
resistance, torment resistance 1, petrification resistance
a: no special abilities


You were on level 2 of the Dungeon.
You visited 1 branch of the dungeon, and saw 2 of its levels.

You collected 8 gold pieces.

Inventory:

Missiles
 c - 23 stones
Armour
 b - a +0 robe (worn)


   Skills:
 - Level 1.5 Dodging
 - Level 2.1 Stealth
 + Level 2.2 Spellcasting
 - Level 0.7 Transmutations
 + Level 3.9 Earth Magic


You had 3 spell levels left.
You knew the following spells:

 Your Spells              Type           Power      Damage    Failure   Level
a - Sandblast             Erth           26%        2d8       4%          1

Your spell library contained the following spells:

 Spells                   Type           Power      Damage    Failure   Level
 Passwall                 Tmut/Erth      6%         N/A       13%         2
 Stone Arrow              Conj/Erth      14%        3d7       28%         3
 Petrify                  Tmut/Erth      8%         N/A       63%         4


Dungeon Overview and Level Annotations

Branches:
Dungeon (1/15)

Altars:


Innate Abilities, Weirdness & Mutations

You are immune to sickness and miasma.
Your stone body is resilient. (AC +2)
You are immune to poison.
You resist negative energy. (rN+)
You are resistant to electric shocks. (rElec)
You are resistant to unholy torment.
You are immune to petrification.


Message History

Unknown command.
Press < or > to pray at altars.
You miss the bat.
The adder hisses angrily.
The bat hits you but does no damage. The bat barely misses you.
The goblin hits the fungus with a +1 dagger of venom.
Unknown command.
Press < or > to pray at altars.
You hit the bat but do no damage. The bat hits you but does no damage.
Casting: Sandblast (safe; 4% risk of failure)
Confirm with . or Enter, or press ? or * to list all spells.
Aiming: Sandblast (safe; 4% risk of failure)
Press: ? - help, Shift-Dir - straight line, f - goblin
Aim: a goblin, wielding a +1 dagger of venom (74% to hit)
The blast of sand hits the goblin!
You kill the goblin!
The bat hits you but does no damage.
Unknown command.
Press < or > to pray at altars.
You closely miss the bat. The bat barely misses you.
The bat hits you but does no damage.
The bat hits the plant.
The plant begins to die.
A nearby fungus withers and dies.
You hit the plant but do no damage. The bat barely misses you.
The adder bites you but does no damage.
You barely miss the adder. The adder bites you.
* * * LOW HITPOINT WARNING * * *
It was a potion of curing.
You feel better. The bat hits you. The adder barely misses you.
You barely miss the adder. The bat hits you but does no damage.
The adder closely misses you. The adder misses you.
It was a potion of attraction.
You feel attractive to monsters. The adder barely misses you.
You miss the adder. The adder bites you. The worm bites you.
* * * LOW HITPOINT WARNING * * *
You hit the adder but do no damage. The adder bites you but does no damage.
The adder barely misses you. The worm bites you!
Ouch! That really hurt!
You die...

#........#
#........##### #####
#........'.†.###....##
#........###.........#
.........##..........#
#........##..♣..P....#
#........##..♣.).....#
#..########..PPw♣P...#
. #..P.S@♣...#
#..♣.♣PP...#
#....P..P..#
##.........#
..........##
...........#
...........#
#.....!.....#
............


You could see a worm and an adder.

Vanquished Creatures
  An endoplasm (D:2)
  2 hobgoblins (D:2)
  A quokka (D:2)
  A goblin (D:2)
5 creatures vanquished.

Vanquished Creatures (others)
  2 fungi (D:2)
  3 plants (D:2)
5 creatures vanquished.

Grand Total: 10 creatures vanquished

Notes
Turn   | Place    | Note
-------+----------+-------------------------------------------
     0 | D:1      | hikkokomori the Gargoyle Earth Elementalist began the quest
                  | for the Orb.
     0 | D:1      | Reached XP level 1. HP: 10/10 MP: 3/3
    26 | D:1      | You fall into a shaft and drop 1 floor!
    29 | D:2      | Found a faded altar of an unknown god.
    90 | D:2      | Mangled by a worm

Illustrated notes

Levels and vault maps discovered:
D:1:      lemuel_arrival_rhombus, layout_basic
D:2:      layout_basic, dreamdust_ecumenical_altar_grove, basic_altar

Action                   || total
-------------------------++-------
Melee: Unarmed           ||    16
 Cast: Sandblast         ||     7
  Use: Potion            ||     2
Armor: Robe              ||    12
Dodge: Dodged            ||    19
